 Dungeon Crawl Stone Soup version 0.28.0-53-g5a82cb258f (webtiles) character file.

Game seed: 13902012866428581305

70 Sin92 the Skirmisher (level 4, -1/35 HPs)
             Began as a Demonspawn Fighter on July 3, 2022.
             Slain by Terence
             ... wielding a +3 short sword
              (9 damage)
             ... on level 2 of the Dungeon.
             The game lasted 00:01:52 (1686 turns).

Sin92 the Skirmisher (Demonspawn Fighter)           Turns: 1686, Time: 00:01:52

Health: -1/35      AC: 10    Str: 19    XL:     4   Next: 4%
Magic:  4/4        EV:  7    Int:  9    God:
Gold:   484        SH:  4    Dex: 12    Spells: 3/3 levels left

rFire   . . .      SeeInvis .   a - +0 war axe
rCold   . . .      Faith    .   c - +0 buckler
rNeg    + . .      Spirit   .   g - +0 chain mail
rPois   .          Reflect  .   (no helmet)
rElec   .          Harm     .   h - +0 cloak
rCorr   .          Rampage  .   (no gloves)
Will    .....                   (no boots)
Stlth   ..........              (no amulet)
HPRegen 0.11/turn               e - ring of positive energy
MPRegen 0.09/turn               (no ring)

@: no status effects
A: sturdy frame 1
a: no special abilities


You were on level 2 of the Dungeon.
You visited 1 branch of the dungeon, and saw 2 of its levels.

You collected 484 gold pieces.

Inventory:

Hand Weapons
 a - a +0 war axe (weapon)
Armour
 b - a +0 scale mail
 c - a +0 buckler (worn)
 g - a +0 chain mail (worn)
 h - a +0 cloak (worn)
Jewellery
 e - a ring of positive energy (left hand)
 l - a ring of protection from cold
Scrolls
 i - a scroll of identify {unknown}
 j - a scroll of magic mapping {unknown}
Potions
 d - a potion of might
 f - a potion of lignification {unknown}
 k - a potion of invisibility {unknown}
 m - 2 potions of flight {unknown}


   Skills:
 + Level 3.4 Fighting
 * Level 2.8 Axes
 + Level 3.1 Armour
 + Level 3.1 Shields


You had 3 spell levels left.
You didn't know any spells.
Your spell library contained the following spells:

 Spells                   Type           Power      Damage    Failure   Level
 Blink                    Tloc           0%         N/A       99%         2
 Manifold Assault         Tloc           0%         N/A       100%        5
 Storm Form               Tmut/Air       0%         N/A       100%        7


Dungeon Overview and Level Annotations

Branches:
Dungeon (2/15)

Altars:

Annotations:
D:2 Terence


Innate Abilities, Weirdness & Mutations

Your movements are slightly less encumbered by armour. (ER -2)


Message History

Terence is moderately wounded.
Terence closely misses you. Terence barely misses you.
Terence is nearby!
Unknown command.
You barely miss Terence.
Terence is moderately wounded.
Terence hits you with a +3 short sword.
Terence is nearby!
Unknown command.
You hit Terence.
Terence is moderately wounded.
Terence hits you but does no damage. You block Terence's attack.
Terence is nearby!
You barely miss Terence.
Terence is moderately wounded.
Terence hits you with a +3 short sword.
Terence is nearby!
Unknown command.
You hit Terence.
Terence is heavily wounded.
Terence hits you with a +3 short sword!
Terence is nearby!
Unknown command.
You are too injured to fight recklessly!
Terence is nearby!
You are too injured to fight recklessly!
Unknown command.
Terence is nearby!
You are too injured to fight recklessly!
You barely miss Terence.
Terence is heavily wounded.
Terence hits you with a +3 short sword. Terence hits you with a +3 short sword!
* * * LOW HITPOINT WARNING * * *
You hit Terence but do no damage.
Terence is heavily wounded.
Terence barely misses you.
You barely miss Terence.
Terence is heavily wounded.
You block Terence's attack. Terence hits you with a +3 short sword!
You die...

...##### .###
.# .# .# .# ##
#######.#
#..@@...#
#.####### #.#
#.# #.#
#########.#
####.........#
#.........#####
#.≈.≈⌠≈.⌠.#


You could see Terence.

Vanquished Creatures
  An adder (D:2)
  A worm (D:2)
  2 dart slugs (D:1)
  A ball python (D:1)
  3 endoplasms (D:1)
  6 goblins
  4 hobgoblins
  7 jackals (D:1)
  5 kobolds
  2 quokkas (D:2)
  5 bats
  3 frilled lizards
  11 rats
51 creatures vanquished.

Vanquished Creatures (others)
  4 fungi (D:2)
  3 plants (D:2)
7 creatures vanquished.

Grand Total: 58 creatures vanquished

Notes
Turn   | Place    | Note
-------+----------+-------------------------------------------
     0 | D:1      | Sin92 the Demonspawn Fighter began the quest for the Orb.
     0 | D:1      | Reached XP level 1. HP: 18/18 MP: 1/1
   220 | D:1      | Gained mutation: Your movements are slightly less
                  | encumbered by armour. (ER -2) [demonic ancestry]
   220 | D:1      | Reached XP level 2. HP: 24/24 MP: 2/2
   630 | D:1      | Reached XP level 3. HP: 29/29 MP: 3/3
   681 | D:1      | Identified a scroll of acquirement
   681 | D:1      | Acquired 397 gold pieces
  1634 | D:2      | Reached XP level 4. HP: 35/35 MP: 4/4
  1644 | D:2      | Found a faded altar of an unknown god.
  1672 | D:2      | Noticed Terence
  1686 | D:2      | Slain by Terence

Illustrated notes

Levels and vault maps discovered:
D:1:      dpeg_arrival_ratfight, layout_loops_ring
D:2:      layout_basic, shapermc_ecumenical_altar_acropolis, uniq_terence

Skill      XL: |  1  2  3 |
---------------+----------+-----
Axes           | 2 |  2.8
Shields        | 3 |  3.1
Armour         | 3 |  3.1
Fighting       | |  3.4

Action                   |  1- 3 |  4- 6 || total
-------------------------+-------+-------++-------
Melee: War axe           |   150 |    19 ||   169
  Use: Scroll            |     3 |       ||     3
Armor: Scale mail        |    46 |       ||    46
       Chain mail        |    41 |     7 ||    48
Dodge: Dodged            |    55 |     7 ||    62
Block: Buckler           |    42 |     4 ||    46
